 Dungeon Crawl Stone Soup version 0.16.1-25-gbcee3f8 (webtiles) character file.

2044 Golfball the Basher (level 9, -7/60 HPs)
             Began as a Gargoyle Berserker on May 19, 2015.
             Was a Priest of Trog.
             Mangled by an orc warrior
             ... wielding a +0 trident
              (11 damage)
             ... on level 7 of the Dungeon.
             The game lasted 00:34:40 (6287 turns).

Golfball the Basher (Gargoyle Berserker)            Turns: 6287, Time: 00:34:40

Health: -7/60      AC: 15    Str: 23    XL:     9   Next: 24%
Magic:  9/9        EV: 12    Int:  8    God:    Trog [***...]
Gold:   511        SH:  0    Dex: 10    Spells: 0 memorised, 8 levels left

rFire  . . .     SeeInvis .     t - +2 mace (holy)
rCold  . . .     Clarity  .     u - +1 scale mail
rNeg   + + .     SustAb   .     (no shield)
rPois  ∞         Gourm    .     (no helmet)
rElec  +         Spirit   .     (no cloak)
rCorr  .         Warding  .     q - +1 pair of gloves
rMut   .         Stasis   .     (no boots)
MR     ++...                    (no amulet)
Stlth  ..........               F - ring of positive energy
                                v - +2 ring of evasion (curse)

@: exhausted, regenerating, slowed, very slow, very resistant to hostile
enchantments, extremely unstealthy
A: negative energy resistance 1, electricity resistance, unbreathing,
petrification resistance, rot immunity, AC +5
a: Burn Spellbooks, Berserk, Trog's Hand, Renounce Religion


You were on level 7 of the Dungeon.
You worshipped Trog.
Trog was most pleased with you.
You were not hungry.

You visited 2 branches of the dungeon, and saw 8 of its levels.
You also visited: Ossuary.

You collected 511 gold pieces.

Inventory:

Hand weapons
 a - a +0 mace
 r - a cursed +1 dagger of venom
 t - a +2 mace of holy wrath (weapon)
 G - a +0 blowgun
Missiles
 e - 144 stones
 z - 16 tomahawks
 H - 21 poisoned needles
 I - 4 tomahawks of returning (quivered)
Armour
 i - a cursed +1 leather armour
 q - a +1 pair of gloves (worn)
 u - a +1 scale mail (worn)
Jewellery
 v - a cursed +2 ring of evasion (left hand)
 C - an uncursed ring of sustain abilities {unknown}
 F - a ring of positive energy (right hand)
Magical devices
 B - a wand of polymorph (6)
Scrolls
 b - 13 scrolls of identify
 n - 2 scrolls of remove curse
 y - 3 scrolls of blinking
 D - 2 scrolls of teleportation
Potions
 f - 3 potions of might
 g - a potion of magic {unknown}
 h - a potion of brilliance
 j - a potion of haste
 k - a potion of beneficial mutation {unknown}
 l - a potion of agility
 o - a potion of resistance {unknown}
 p - 2 potions of curing
 s - a potion of heal wounds
 w - a potion of lignification
 x - a potion of restore abilities {unknown}
 J - a potion of mutation {unknown}
Comestibles
 c - 2 bread rations
 d - 4 meat rations
 m - 3 fruits
 A - 5 chunks of flesh


   Skills:
 + Level 9.1 Fighting
 + Level 9.3 Maces & Flails
 - Level 2.1 Armour
 - Level 1.5 Dodging
 - Level 2.0 Stealth


You had 8 spell levels left.
You didn't know any spells.

Dungeon Overview and Level Annotations

Branches:
Dungeon (7/15)             Temple (1/1) D:6

Altars:
Ashenzari
Cheibriados
Dithmenos
Elyvilon
Fedhas
Gozag
Kikubaaqudgha
Makhleb
Nemelex Xobeh
Ru
Sif Muna
Trog
Vehumet
Xom
The Shining One


Innate Abilities, Weirdness & Mutations

You are resistant to torment.
You are immune to poison.
Your stone body is very resilient (AC +5).
You resist negative energy.
You are resistant to electric shocks.
You can survive without breathing.
You are immune to petrification.
You are immune to rotting.


Message History

The killer bee stings you but does no damage.
The killer bee stings you.
* * * LOW HITPOINT WARNING * * *
The orc warrior hits you from afar with a trident!
* * * LOW HITPOINT WARNING * * *
The killer bee stings you but does no damage.
The killer bee misses you. The killer bee barely misses you.
The orc warrior hits you but does no damage.
Use which ability? (? or * to list)
Your skin crawls.
You feel resistant to hostile enchantments.
You feel slightly more hungry.
The killer bee stings you but does no damage.
The killer bee stings you.
* * * LOW HITPOINT WARNING * * *
The killer bee misses you.
The killer bee stings you but does no damage.
The killer bee misses you.
The orc warrior hits you from afar with a trident!
You die...

#.... ...... .
##..... .#
....... #.#
####.... #.#
#.......####.#
#.......#.?oo##
#..>...<..yyy##
##.#.###.###y@#
#.# #)#.# #.#
#?#... ...
........
....#.######..
.#.#....
.......# .[ ..#
. ....


You could see an orc warrior, 4 killer bees and an orc.

Vanquished Creatures
  Grinder (D:3)
  Menkaure (D:4)
  A sky beast (D:6)
  A black bear (D:6)
  A necrophage (D:6)
  A centaur (D:6)
  3 ogres
  2 giant frogs (D:6)
  A wyvern zombie (D:6)
  2 elf zombies (Ossuary)
  A killer bee (D:7)
  2 crimson imps
  A giant frog zombie (D:5)
  A jelly (D:6)
  3 orc priests
  3 hounds
  2 orc wizards
  2 worker ants (D:4)
  3 hound zombies (Ossuary)
  5 mummies
  4 gnolls (D:4)
  9 adders
  5 worms
  A shadow imp (D:5)
  3 giant geckos
  3 oozes
  9 orcs
  A bat skeleton (D:4)
  3 giant cockroaches
  11 hobgoblins
  14 jackals
  3 quokkas
  2 ball pythons
  8 bats
  4 giant newts
  10 goblins
  A goblin zombie (D:5)
  A hobgoblin zombie (Ossuary)
  3 jackal zombies (Ossuary)
  9 kobolds
  3 orc zombies
  19 rats
  A rat zombie (Ossuary)
164 creatures vanquished.

Notes
Turn   | Place    | Note
--------------------------------------------------------------
     0 | D:1      | Golfball, the Gargoyle Berserker, began the quest for the Orb.
     0 | D:1      | Reached XP level 1. HP: 14/14 MP: 1/1
   187 | D:1      | Reached XP level 2. HP: 19/19 MP: 2/2
   299 | D:1      | Acquired Trog's second power
   859 | D:1      | Reached XP level 3. HP: 19/24 MP: 3/3
   892 | D:2      | Found a burning altar of Makhleb.
  1026 | D:2      | Found a sacrificial altar of Ru.
  1044 | D:2      | Reached skill level 4 in Fighting
  1545 | D:2      | Reached XP level 4. HP: 30/30 MP: 4/4
  2109 | D:3      | Noticed Grinder
  2119 | D:3      | Killed Grinder
  2119 | D:3      | Reached skill level 5 in Fighting
  2119 | D:3      | Reached skill level 5 in Maces & Flails
  2119 | D:3      | Reached skill level 1 in Stealth
  2119 | D:3      | Reached XP level 5. HP: 35/35 MP: 5/5
  2119 | D:3      | Reached XP level 6. HP: 40/40 MP: 6/6
  2772 | D:4      | Reached XP level 7. HP: 36/45 MP: 7/7
  2811 | D:4      | Reached skill level 6 in Fighting
  3044 | D:4      | Found an ancient bone altar of Kikubaaqudgha.
  3071 | D:4      | Noticed Menkaure
  3080 | D:4      | Killed Menkaure
  3605 | D:5      | Entered Level 5 of the Dungeon
  3616 | D:5      | Found a shadowy altar of Dithmenos.
  3767 | D:5      | Found a sand-covered staircase.
  3776 | Ossuary  | Entered an ossuary
  3786 | Ossuary  | Reached skill level 7 in Fighting
  3793 | Ossuary  | Reached XP level 8. HP: 53/53 MP: 8/8
  4338 | D:5      | Received a gift from Trog
  4901 | D:6      | Reached skill level 8 in Fighting
  5398 | D:6      | Found a staircase to the Ecumenical Temple.
  5404 | Temple   | Entered the Ecumenical Temple
  5827 | D:6      | Reached XP level 9. HP: 55/60 MP: 9/9
  5935 | D:6      | Reached skill level 9 in Maces & Flails
  6287 | D:7      | Mangled by an orc warrior

Action                   |  1- 3 |  4- 6 |  7- 9 || total
-------------------------+-------+-------+-------++-------
Melee: Mace              |   149 |   164 |   301 ||   614
Invok: Trog's Hand       |       |     2 |     9 ||    11
       Berserk           |       |     2 |     8 ||    10
  Use: Scroll            |     5 |     6 |     6 ||    17
       Potion            |       |       |     8 ||     8
  Eat: Chunk             |     1 |     7 |    11 ||    19
       Royal jelly       |       |     1 |       ||     1
       Bread ration      |       |       |     2 ||     2
